 Dungeon Crawl Stone Soup version 0.18-a0-1797-gc18daef (webtiles) character file.

213 dynamoDes the Magician (level 5, -3/28 HPs)
             Began as a Deep Elf Earth Elementalist on Apr 22, 2016.
             Killed from afar by a white imp (7 damage)
             ... with a puff of frost
             ... summoned by Natasha
             ... on level 4 of the Dungeon.
             The game lasted 00:20:31 (3763 turns).

dynamoDes the Magician (DEEE)                       Turns: 3763, Time: 00:20:31

Health: -3/28      AC:  3    Str:  5    XL:     5   Next: 59%
Magic:  1/13       EV: 14    Int: 21    God:
Gold:   241        SH:  0    Dex: 15    Spells: 2 memorised, 9 levels left

rFire  . . .     SeeInvis .     g - +0 short sword
rCold  . . .     Gourm    .     a - +0 robe
rNeg   . . .     Faith    .     (no shield)
rPois  .         Spirit   .     (no helmet)
rElec  .         Dismiss  .     h - +0 cloak
rCorr  .         Reflect  .     (no gloves)
SustAt .         Harm     .     (no boots)
MR     .....                    (no amulet)
Stlth  +++.......               (no ring)
                                (no ring)

@: lethally poisoned (-3 -> -6), not resistant to hostile enchantments, fairly
stealthy
A: no striking features
a: no special abilities


You were on level 4 of the Dungeon.
You were not hungry.

You visited 1 branch of the dungeon, and saw 4 of its levels.

You collected 241 gold pieces.

Inventory:

Hand Weapons
 g - a +0 short sword (weapon)
 l - a +0 hunting sling
 z - a cursed +0 longbow
Missiles
 b - 98 stones (quivered)
 n - 25 arrows
 q - 18 sling bullets
 r - a throwing net
 u - 44 poisoned needles
Armour
 a - a +0 robe (worn)
 h - a +0 cloak (worn)
 w - a +0 leather armour
Magical Staves
 t - an uncursed staff of cold
Wands
 y - a wand of slowing (24/48)
Scrolls
 e - 2 scrolls of identify
 f - a scroll of enchant armour {unknown}
 k - a scroll of remove curse
 p - a scroll of amnesia {unknown}
 x - a scroll of random uselessness {unknown}
 A - a scroll of magic mapping {unknown}
Potions
 j - a potion of cure mutation {unknown}
 s - a potion of resistance {unknown}
Books
 c - a book of Geomancy

   Spells                             Type                      Level
   a - Sandblast                      Earth                        1
   b - Passwall                       Transmutation/Earth          2
   c - Stone Arrow                    Conjuration/Earth            3
   d - Petrify                        Transmutation/Earth          4
   e - Lee's Rapid Deconstruction     Earth                        5
Comestibles
 d - 3 bread rations
 i - 2 meat rations
 o - 4 fruits
 v - 2 chunks of flesh


   Skills:
 + Level 0.4 Fighting
 + Level 4.0 Dodging
 - Level 4.0 Stealth
 + Level 4.6 Spellcasting
 + Level 1.9 Conjurations
   Level 1.1 Transmutations
 - Level 4.1 Earth Magic


You had 9 spell levels left.
You knew the following spells:

 Your Spells              Type           Power        Failure   Level  Hunger
a - Sandblast             Erth           ###...       1%          1    None
b - Stone Arrow           Conj/Erth      ###...       12%         3    ##.....


Dungeon Overview and Level Annotations

Branches:
Dungeon (4/15)
 Temple: D:4-7

Altars:
Cheibriados
Nemelex Xobeh
Pakellas
Ru

Annotations:
D:4 Natasha


Message History

The blast of sand misses the shadow imp.
The blast of sand hits Natasha.
Natasha is severely wounded.
The shadow imp hits you. The white imp hits you. The white imp freezes you.
Casting: Sandblast
Confirm with . or Enter, or press ? or * to list all spells.
You don't have enough magic to cast that spell.
Unknown command.
You feel sick. The shadow imp gestures at you. Pain shoots through your body!
* * * LOW HITPOINT WARNING * * *
A giant cockroach comes into view.
* * * LOW HITPOINT WARNING * * *
You feel sick.
* * * LOW HITPOINT WARNING * * *
You feel sick.
The crimson imp blinks!
The white imp gestures at you. The puff of frost hits you!
You die...

..... ...... #....
#... #.s# #..##
#...# .## #.@##
.... ##..## ##
<..# ##55######.#
#...# ##.h.#.#.##
.....
##..##...##.....
###.ยง..###..##...
#..#...####.#....
##.#.....##......
#.#..##..........


You could see Natasha, a white imp, a shadow imp and a giant cockroach
(sleeping).

Vanquished Creatures
  A crimson imp (D:4)
  A worker ant (D:4)
  A hound skeleton (D:4)
  2 gnolls (D:3)
  4 adders
  An ooze (D:1)
  A worm (D:2)
  2 dart slugs (D:3)
  5 giant geckos
  An orc (D:3)
  7 bats
  6 giant cockroaches
  9 goblins
  10 hobgoblins
  A quokka (D:2)
  A ball python (D:2)
  5 giant newts
  7 kobolds
  9 rats
74 creatures vanquished.

Notes
Turn   | Place    | Note
--------------------------------------------------------------
     0 | D:1      | dynamoDes the Deep Elf Earth Elementalist began the quest for the Orb.
     0 | D:1      | Reached XP level 1. HP: 10/10 MP: 6/6
   260 | D:1      | Reached XP level 2. HP: 15/15 MP: 6/8
   812 | D:1      | Reached XP level 3. HP: 19/19 MP: 5/10
  1575 | D:2      | Learned a level 3 spell: Stone Arrow
  1959 | D:2      | Reached XP level 4. HP: 24/24 MP: 10/12
  2209 | D:3      | Found a sparkling altar of Nemelex Xobeh.
  2646 | D:3      | Found an oddly glowing altar of Pakellas.
  2646 | D:3      | Found a sacrificial altar of Ru.
  3002 | D:3      | Found a snail-covered altar of Cheibriados.
  3010 | D:3      | Reached skill level 1 in Conjurations
  3013 | D:3      | Reached XP level 5. HP: 8/28 MP: 5/13
  3650 | D:4      | Noticed Natasha
  3763 | D:4      | Killed from afar by a white imp

Vault maps used:
D:1:      nagdon_arrival_zigzag_paths
D:2:      first_bread, corexii_hall_statues_s
D:3:      kennysheep_the_goblin_king, cheibriados_altar_wand_db,
          nemelex_xobeh_ov_fountains_minmay, gammafunk_temple_overflow_statue,
          minmay_misc_feat_x
D:4:      elyvilon_altar_4, minmay_temple_entry_butterflies, uniq_sigmund,
          uniq_natasha

Skill      XL: |  1  2  3  4  5 |
---------------+----------------+-----
Stealth        | 3 4 |  4.0
Dodging        | 3 4 |  4.0
Spellcasting   | 4 |  4.6
Earth Magic    | 4 |  4.1
Conjurations   | 1 |  1.9
Fighting       | |  0.4
Transmutations | |  1.1

Action                   |  1- 3 |  4- 6 || total
-------------------------+-------+-------++-------
Melee: Short sword       |       |     4 ||     4
 Cast: Sandblast         |    91 |    84 ||   175
       Stone Arrow       |       |     2 ||     2
  Use: Scroll            |       |     6 ||     6
       Potion            |       |     3 ||     3
  Eat: Chunk             |     3 |     4 ||     7
       Bread ration      |       |     1 ||     1
Armor: Robe              |     7 |    11 ||    18
Dodge: Dodged            |    30 |    43 ||    73
